 Dungeon Crawl Stone Soup version 0.28-a0-503-g83f2989fac (webtiles) character file.

Game seed: 8636994418069005586

65 siradein the Skirmisher (level 4, -5/29 HPs)
             Began as a Gargoyle Fighter on Sept 20, 2021.
             Slain by a scorpion (6 damage)
             ... on level 3 of the Dungeon.
             The game lasted 00:03:08 (2459 turns).

siradein the Skirmisher (Gargoyle Fighter)          Turns: 2459, Time: 00:03:08

Health: -5/29      AC: 13    Str: 20    XL:     4   Next: 13%
Magic:  4/4        EV:  7    Int:  8    God:
Gold:   63         SH:  4    Dex: 10    Spells: 3/3 levels left

rFire   . . .      SeeInvis .   a - +0 flail
rCold   . . .      Faith    .   c - +0 buckler
rNeg    + . .      Spirit   .   n - +0 chain mail
rPois   ∞          Reflect  .   (no helmet)
rElec   +          Harm     .   k - scarf {+Inv}
rCorr   .          Rampage  .   (no gloves)
Will    .....                   (no boots)
Stlth   ..........              (no amulet)
HPRegen 0.09/turn               (no ring)
MPRegen 0.09/turn               (no ring)

@: no status effects
A: sickness immunity, AC +3, negative energy resistance 1, electricity
resistance, torment resistance 1, petrification resistance
a: Evoke Invisibility


You were on level 3 of the Dungeon.
You visited 1 branch of the dungeon, and saw 3 of its levels.

You collected 63 gold pieces.

Inventory:

Hand Weapons
 a - a +0 flail (weapon)
Armour
 c - a +0 buckler (worn)
 k - a scarf of invisibility (worn)
 n - a +0 chain mail (worn)
Scrolls
 f - 2 scrolls of identify {unknown}
 g - a scroll of immolation
 j - a scroll of noise {unknown}
 m - a scroll of enchant weapon {unknown}
Potions
 d - a potion of might
 e - a potion of brilliance {unknown}
 h - a potion of degeneration {unknown}
 i - 2 potions of haste {unknown}
 l - a potion of attraction {unknown}


   Skills:
 + Level 3.9 Fighting
 + Level 2.7 Maces & Flails
 + Level 3.8 Armour
 + Level 3.8 Shields
 + Level 0.1 Evocations


You had 3 spell levels left.
You didn't know any spells.
Your spell library was empty.

Dungeon Overview and Level Annotations

Branches:
Dungeon (3/15)

Altars:
Cheibriados
Trog
Zin


Innate Abilities, Weirdness & Mutations

You are immune to sickness and miasma.
Your stone body is resilient. (AC +3)
You are immune to poison.
You resist negative energy. (rN+)
You are resistant to electric shocks. (rElec)
You are resistant to unholy torment.
You are immune to petrification.


Message History

No reachable target in view!
You closely miss the scorpion.
The scorpion stings you but does no damage.
You block the scorpion's attack.
You closely miss the scorpion. The scorpion closely misses you.
You barely miss the scorpion. You block the scorpion's attack.
The scorpion stings you but does no damage.
You hit the scorpion but do no damage. The scorpion stings you.
You hit the scorpion.
The scorpion is moderately wounded.
The scorpion stings you.
The scorpion stings you but does no damage.
You barely miss the scorpion.
The scorpion is moderately wounded.
The scorpion stings you but does no damage.
You closely miss the scorpion.
The scorpion is moderately wounded.
The scorpion stings you. x2
You are too injured to fight recklessly!
You are too injured to fight recklessly!
The scorpion closely misses you.
You enter the shallow water.
Moving in this stuff is going to be slow.
You block the scorpion's attack.
Your chain mail prevents you from hitting the scorpion.
The scorpion is moderately wounded.
The scorpion stings you.
* * * LOW HITPOINT WARNING * * *
You closely miss the scorpion.
The scorpion is moderately wounded.
The scorpion barely misses you.
The scorpion stings you but does no damage.
You thump the scorpion!
The scorpion is severely wounded.
The scorpion stings you.
* * * LOW HITPOINT WARNING * * *
You hit the scorpion.
The scorpion is almost dead.
The scorpion stings you.
You die...

.(.......#
...<###..# # ##.#
#.## #..#
#####.########.
+.............≈ .
######..#####≈≈≈#
#..s@.≈≈≈≈..
##.≈≈≈≈≈≈....
#≈≈≈######.##
###.## #..#
##.#####'##..
#..).........
#.≈†8.≈......
#.§...≈.....#


You could see a scorpion.

Vanquished Creatures
  An adder (D:2)
  5 ball pythons
  6 bats
  6 endoplasms
  2 giant cockroaches
  9 goblins
  4 hobgoblins
  2 jackals (D:2)
  3 quokkas
  4 frilled lizards
  3 kobolds
  5 rats
50 creatures vanquished.

Notes
Turn   | Place    | Note
-------+----------+-------------------------------------------
     0 | D:1      | siradein the Gargoyle Fighter began the quest for the Orb.
     0 | D:1      | Reached XP level 1. HP: 14/14 MP: 1/1
   211 | D:1      | Reached XP level 2. HP: 18/19 MP: 2/2
   431 | D:1      | Found a faded altar of an unknown god.
   923 | D:1      | Reached XP level 3. HP: 15/23 MP: 3/3
  1628 | D:2      | Found a glowing silver altar of Zin.
  2070 | D:2      | Reached XP level 4. HP: 25/29 MP: 4/4
  2339 | D:3      | Found a snail-covered altar of Cheibriados.
  2434 | D:3      | Found a bloodstained altar of Trog.
  2436 | D:3      | Noticed a scorpion
  2458 | D:3      | HP: 1/29 [scorpion (5)]
  2459 | D:3      | Slain by a scorpion

Illustrated notes

Levels and vault maps discovered:
D:1:      giann_horns, layout_basic, hellmonk_ecumenical_altar_blasted,
          chequers_mini_garden, minivault_24, minmay_tetromino_i4
D:2:      layout_loops_ring, basic_altar
D:3:      layout_basic, mainiacjoe_overflow_catwalk, brannock_xom_greatest_gift,
          zin_statuary, mainiacjoe_overflow_cross_hatched,
          chequers_serial_rivers_small_a, minmay_tree_intersection

Action                   |  1- 3 |  4- 6 || total
-------------------------+-------+-------++-------
Melee: Flail             |   133 |    32 ||   165
Armor: Scale mail        |    78 |     8 ||    86
       Chain mail        |       |     7 ||     7
Dodge: Dodged            |    63 |    10 ||    73
Block: Buckler           |    21 |     6 ||    27

Table legend: (Time is in decaauts)
 A = Elapsed time spent in this place.
 B = Non-inter-level travel time spent in this place.
 C = Inter-level travel time spent in this place.
 D = Time resting spent in this place.
 E = Time spent auto-exploring this place.
 F = Levels seen in this place.
 G = Mean time per level.
                   A        B        C        D        E       F      G
               +--------+--------+--------+--------+--------+-----+--------+
         Total |   2507 |   2458 |     49 |      0 |   2016 |   3 |  835.7 |
       Dungeon |   2507 |   2458 |     49 |      0 |   2016 |   3 |  835.7 |
               +--------+--------+--------+--------+--------+-----+--------+

Top non-repeatable levels by time:
     D:1: 1413 daAuts
     D:2: 950 daAuts
     D:3: 143 daAuts
